 Dungeon Crawl Stone Soup version 0.14.0-17-gc0b17a5 (webtiles) character file.

4137 Nameless the Nimble (level 9, 0/70 HPs)
             Began as a Purple Draconian Berserker on Apr 18, 2014.
             Was the Champion of Trog.
             Slain by a kobold (4 damage)
             ... in a bailey.
             The game lasted 00:38:31 (7968 turns).

Nameless the Nimble (Purple Draconian Berserker)    Turns: 7968, Time: 00:38:31

HP   0/70        AC  8     Str 26      XL: 9   Next: 93%
MP   3/3         EV 18     Int  8      God: Trog [******]
Gold 402         SH  0     Dex 14      Spells:  0 memorised,  8 levels left

rFire  . . .     SeeInvis .     B - +2,+3 battleaxe (antimagic)
rCold  . . .     Clarity  +     (armour unavailable)
rNeg   . . .     Conserve .     (no shield)
rPois  .         rCorr    .     (helmet restricted)
rElec  .         rRot     .     (no cloak)
SustAb . .       Spirit   .     (no gloves)
rMut   .         Warding  .     m - +0 pair of boots
Saprov . . .     Stasis   .     (no amulet)
MR     +....                    q - +4 ring of dexterity
                                t - +3 ring of strength

@: exhausted, slowed, very slow, somewhat resistant to hostile enchantments,
unstealthy
A: breathe power, unfitting armour, stinger 2, clarity, frail 1, slow metabolism
1, wild magic 1, AC +7
a: Breathe Dispelling Energy, Burn Spellbooks, Berserk, Trog's Hand, Brothers in
Arms, Renounce Religion


You were in a bailey.
You worshipped Trog.
Trog was exalted by your worship.
You were very hungry.

You visited 1 branch of the dungeon, and saw 8 of its levels.
You also visited: Ossuary and Bailey.

You collected 402 gold pieces.

Inventory:

Hand weapons
 a - a +0,+0 hand axe
 B - a +2,+3 anti-magic battleaxe (weapon)
Armour
 m - a +0 pair of boots (worn)
 y - a +0 large shield
Magical devices
 x - a wand of magic darts (14)
 C - a wand of cold (8)
 D - a wand of fire (0)
Comestibles
 c - 6 bread rations
 h - a rambutan
 o - 2 lychees
 w - 3 meat rations
Scrolls
 e - 2 scrolls of teleportation
 n - 3 scrolls of remove curse
 p - a scroll of fear
 r - a scroll of enchant armour
 s - 5 scrolls of identify
 A - a scroll of enchant weapon II
Jewellery
 g - an uncursed ring of protection from magic
 k - an uncursed ring of fire
 q - a +4 ring of dexterity (right hand)
 t - a +3 ring of strength (left hand)
 v - an uncursed ring of flight
Potions
 b - a potion of magic
 d - a potion of cure mutation
 i - a potion of agility
 j - 8 potions of curing
 l - 2 potions of haste
 u - a potion of invisibility


   Skills:
 + Level 6.9 Fighting
 + Level 8.0 Axes
 + Level 10.2 Dodging
 - Level 1.0 Stealth
   Level 0.6 Shields
 + Level 0.5 Evocations


You had 8 spell levels left.
You didn't know any spells.

Dungeon Overview and Level Annotations

Branches:
Dungeon (8/15)             Temple (0/1) D:5
   Lair: D:8-11

Altars:
Elyvilon
Fedhas
Kikubaaqudgha
Xom
Yredelemnul

Shops:
D:7 (


Innate Abilities, Weirdness & Mutations

You can breathe bolts of energy.
You can dispel enchantments when you breathe energy.
Your rich purple scales are hard (AC +7).
Your body does not fit into most forms of armour.
Your cold-blooded metabolism reacts poorly to cold.
Your tail ends in a sharp poisonous barb.
You possess an exceptional clarity of mind.
You are frail (-10% HP).
You have a slow metabolism.
Your spells are a little harder to cast, but a little more powerful.


Message History

Trog accepts your kill.
Your Axes skill increases to level 8!
The kobold throws a tomahawk of returning.
The tomahawk of returning hits you!
The kobold throws a tomahawk of returning.
The tomahawk of returning misses you.
The weapon returns to the kobold!
The kobold throws a tomahawk of returning.
The tomahawk of returning misses you.
The kobold throws a tomahawk of returning.
The tomahawk of returning misses you.
The weapon returns to the kobold!
You see here a tomahawk of returning.
There is an open door here.
The kobold throws a tomahawk of returning.
The tomahawk of returning misses you.
The weapon returns to the kobold!
The kobold throws a tomahawk of returning.
The tomahawk of returning misses you.
There is an open door here.
You see here a tomahawk of returning.
The kobold misses you. The kobold hits you.
You die...

# ### #####
#.#
#.###Kg(##
#'##'##)###)#
#....(##
##KK..!#
###....K###
g..!.#
#.'..⌠.g@.#
..⌠.!'.
###(....###
...!.##
##))...##
..!..#
##(##'##'##
##'##
#.###.###.#
.# #(# ###
#### ### ##
#.###.# #.#g#
#.# #.#
##(##'##'#
#+##'##'#
##)....#
#.....#


You could see a gnoll and a kobold.

Vanquished Creatures
  Pikel (D:5)
  An orc knight (Bailey)
  An item mimic (Ossuary)
  A human (D:2)
  Menkaure (D:6)
  A sky beast (D:5)
  An ice beast (D:6)
  3 ogres
  2 centaurs (D:6)
  A phantom (D:4)
  A slave (D:5)
  Duvessa (D:5)
  2 giant frogs
  An eye of draining (D:5)
  2 scorpions (D:6)
  A centaur zombie (Ossuary)
  Dowan (D:5)
  2 jellies
  5 orc priests
  4 hounds
  3 crimson imps
  8 orc wizards
  4 worker ants
  An ogre zombie (D:7)
  4 mummies (Ossuary)
  14 gnolls
  3 giant mites
  8 adders
  2 worms
  4 oozes
  23 orcs
  A bat skeleton (D:4)
  10 giant cockroaches
  11 goblins
  15 hobgoblins
  29 jackals
  35 kobolds
  A quokka (D:7)
  A ball python (D:1)
  20 bats
  6 giant geckos
  8 giant newts
  A giant newt zombie (D:5)
  3 gnoll zombies (Ossuary)
  A goblin skeleton (D:4)
  A goblin zombie (Ossuary)
  A hobgoblin zombie (Ossuary)
  A jackal skeleton (D:4)
  2 orc zombies (Ossuary)
  13 rats
  A rat skeleton (D:4)
268 creatures vanquished.

Vanquished Creatures (others)
  A jelly (D:5)
  A goblin (D:5)
  A hobgoblin (D:5)
3 creatures vanquished.

Grand Total: 271 creatures vanquished

Notes
Turn   | Place    | Note
--------------------------------------------------------------
     0 | D:1      | Nameless, the Draconian Berserker, began the quest for the Orb.
     0 | D:1      | Reached XP level 1. HP: 19/19 MP: 1/1
   122 | D:1      | Reached XP level 2. HP: 20/26 MP: 2/2
   436 | D:1      | Acquired Trog's second power
   751 | D:1      | Reached XP level 3. HP: 19/31 MP: 3/3
  1054 | D:2      | Noticed a human
  1063 | D:2      | Found a basalt altar of Yredelemnul.
  1171 | D:2      | Killed a human
  1171 | D:2      | Reached skill level 4 in Axes
  1171 | D:2      | Reached XP level 4. HP: 28/40 MP: 4/4
  1171 | D:2      | Reached XP level 5. HP: 32/46 MP: 5/5
  1880 | D:3      | Reached skill level 5 in Dodging
  1980 | D:3      | Found a basalt altar of Yredelemnul.
  2170 | D:3      | Reached XP level 6. HP: 46/52 MP: 6/6
  2791 | D:3      | Acquired Trog's third power
  2902 | D:4      | Found a sand-covered staircase.
  2911 | Ossuary  | Entered an ossuary
  2969 | Ossuary  | Killed a potion of degeneration mimic
  2969 | Ossuary  | Reached skill level 6 in Dodging
  2969 | Ossuary  | Your scales start taking on a rich purple colour.
  2969 | Ossuary  | Reached XP level 7. HP: 33/59 MP: 7/7
  3025 | Ossuary  | Paralysed by a potion of paralysis for 2 turns
  3517 | Ossuary  | Reached skill level 5 in Axes
  3585 | Ossuary  | Gained mutation: You have a fast metabolism. [potion of mutation]
  3585 | Ossuary  | Gained mutation: You possess an exceptional clarity of mind. [potion of mutation]
  3585 | Ossuary  | Gained mutation: Your magical capacity is low (-10% MP). [potion of mutation]
  3586 | Ossuary  | Gained mutation: Your body is slowly deteriorating. [potion of mutation]
  3586 | Ossuary  | Gained mutation: Your tail ends in a poisonous barb. [potion of mutation]
  3586 | Ossuary  | Gained mutation: Your magical capacity is very low (-20% MP). [potion of mutation]
  3587 | Ossuary  | Gained mutation: Your tail ends in a sharp poisonous barb. [potion of mutation]
  3600 | Ossuary  | Lost mutation: Your body is slowly deteriorating. [potion of cure mutation]
  3600 | Ossuary  | Lost mutation: You have a fast metabolism. [potion of cure mutation]
  3600 | Ossuary  | Lost mutation: Your magical capacity is very low (-20% MP). [potion of cure mutation]
  3600 | Ossuary  | Lost mutation: Your magical capacity is low (-10% MP). [potion of cure mutation]
  3761 | D:4      | Reached skill level 1 in Stealth
  3787 | D:4      | Found a blossoming altar of Fedhas.
  4065 | D:4      | Reached skill level 7 in Dodging
  4715 | D:4      | Reached XP level 8. HP: 67/67 MP: 8/8
  4870 | D:5      | Entered Level 5 of the Dungeon
  4870 | D:5      | Noticed Dowan
  4874 | D:5      | Noticed Duvessa
  4887 | D:5      | Killed Dowan
  4900 | D:5      | Killed Duvessa
  4911 | D:5      | Found a staircase to the Ecumenical Temple.
  5337 | D:5      | Found an ancient bone altar of Kikubaaqudgha.
  5358 | D:5      | Noticed Pikel
  5370 | D:5      | Killed Pikel
  5370 | D:5      | Reached skill level 5 in Fighting
  5370 | D:5      | Reached skill level 8 in Dodging
  5760 | D:5      | Found a shimmering altar of Xom.
  5866 | D:6      | Found a white marble altar of Elyvilon.
  5906 | D:6      | Reached XP level 9. HP: 74/74 MP: 9/9
  6040 | D:6      | Noticed Menkaure
  6051 | D:6      | Killed Menkaure
  6229 | D:6      | Reached skill level 9 in Dodging
  7059 | D:7      | Gained mutation: You have a fast metabolism. [potion of mutation]
  7059 | D:7      | Gained mutation: You are frail (-10% HP). [potion of mutation]
  7059 | D:7      | Lost mutation: You have a fast metabolism. [potion of mutation]
  7146 | D:7      | Found Haet's Weapon Emporium.
  7186 | D:7      | Received a gift from Trog
  7605 | D:8      | Gained mutation: Your spells are a little harder to cast, but a little more powerful. [potion of mutation]
  7605 | D:8      | Gained mutation: You have a slow metabolism. [potion of mutation]
  7630 | D:8      | Found a flagged portal.
  7642 | Bailey   | Entered a bailey
  7929 | Bailey   | Noticed an orc knight
  7940 | Bailey   | Reached skill level 10 in Dodging
  7955 | Bailey   | HP: 2/70 [orc knight/great mace (8)]
  7962 | Bailey   | Killed an orc knight
  7968 | Bailey   | Slain by a kobold

Action                   |  1- 3 |  4- 6 |  7- 9 || total
-------------------------+-------+-------+-------++-------
Melee: Hand axe          |   127 |   176 |   441 ||   744
       Battleaxe         |       |       |    99 ||    99
Invok: Berserk           |     1 |     1 |    13 ||    15
       Burn Spellbooks   |       |       |     2 ||     2
Evoke: Wand              |       |       |     4 ||     4
  Use: Scroll            |     5 |     2 |    14 ||    21
       Potion            |       |    11 |    15 ||    26
 Stab: Sleeping          |       |     2 |     2 ||     4
